 Dungeon Crawl Stone Soup version 0.22-a0-482-g76e0a5f (webtiles) character file.

11 Amnesiac the Grave Robber (level 2, 0/20 HPs)
             Began as a Mummy Necromancer on June 17, 2018.
             Was an Initiate of Sif Muna.
             Slain by an ufetubus (2 damage)
             ... summoned by Eustachio
             ... on level 4 of the Dungeon.
             The game lasted 00:02:13 (538 turns).

Amnesiac the Grave Robber (Mummy Necromancer)        Turns: 538, Time: 00:02:14

Health: 0/20       AC:  2    Str: 11    XL:     2   Next: 13%
Magic:  5/6        EV: 12    Int: 14    God:    Sif Muna [......]
Gold:   41         SH:  0    Dex: 12    Spells: 6/7 levels left

rFire    x . .     SeeInvis .   d - +0 mace
rCold    + . .     Gourm    .   (no shield)
rNeg     + + +     Faith    .   a - +0 robe
rPois    ∞         Spirit   .   (no helmet)
rElec    .         Reflect  .   (no cloak)
rCorr    .         Harm     .   (no gloves)
MR       .....                  (no boots)
Stlth    ++........             (no amulet)
HPRegen  0.06/turn              (no ring)
MPRegen  0.10/turn              (no ring)

@: no status effects
A: no food or potions, fire vulnerability, cold resistance 1, negative energy
resistance 3, torment resistance, unbreathing
a: Renounce Religion


You were on level 4 of the Dungeon.
You worshipped Sif Muna.
Sif Muna was noncommittal.
You were not hungry.

You visited 1 branch of the dungeon, and saw 4 of its levels.

You collected 41 gold pieces.

Inventory:

Hand Weapons
 d - a +0 mace (weapon)
 k - a +1 whip of electrocution
Armour
 a - a +0 robe (worn)
Jewellery
 c - an uncursed amulet of harm {unknown}
 h - an uncursed amulet of the gourmand {unknown}
Scrolls
 b - 3 scrolls of fog {!r}
 i - a scroll of enchant armour {!r, unknown}
 j - a scroll of enchant weapon {!r, unknown}


   Skills:
 + Level 0.6 Fighting
 * Level 2.0 Dodging
 - Level 1.5 Stealth
 + Level 3.0 Spellcasting
 - Level 4.0 Necromancy


You had 6 spell levels left.
You knew the following spells:

 Your Spells              Type           Power        Failure   Level  Hunger
a - Pain                  Necr           ##..         4%          1    N/A

Your spell library contained the following spells:

 Spells                   Type           Power        Failure   Level  Hunger
 Animate Dead             Necr           N/A          38%         4    N/A
 Animate Skeleton         Necr           N/A          4%          1    N/A
 Vampiric Draining        Necr           ##........   12%         3    N/A
 Regeneration             Chrm/Necr      #.........   28%         3    N/A

Dungeon Overview and Level Annotations

Branches:
Dungeon (4/15)             Temple (0/1) D:4

Altars:
Sif Muna

Annotations:
D:4 Eustachio


Innate Abilities, Weirdness & Mutations

You do not eat or drink.
Your flesh is vulnerable to fire.
You are immune to poison.
Your flesh is cold resistant. (rC+)
You are immune to negative energy. (rN+++)
You are immune to unholy pain and torment.
You can survive without breathing.


Message History

2 orcs come into view.
The orc shouts!
An orc comes into view. It is wielding a flail of holy wrath.
An orc comes into view. It is wielding a dagger.
Found 20 stones and a spear.
Found a stone staircase leading down.
You see here a scroll labeled TEUFUF CIMP {!r}.
j - a scroll labeled TEUFUF CIMP {!r} The orc shouts!
An orc comes into view. It is wielding a club.
Okay, then.
Eustachio the Magnificent comes into view.
He is wielding a rapier.
Eustachio shouts!
Found a runed whip.
Okay, then.
Unknown command.
Eustachio mumbles some strange words.
There is a stone staircase leading down here.
Eustachio gestures wildly while chanting.
Eustachio blinks!
Found a deep blue altar of Sif Muna.
Eustachio casts a spell.
Eustachio blinks!
Found a chain mail.
The ufetubus hits you but does no damage.
The ufetubus hits you.
You see here a runed whip.
k - a runed whip The ufetubus misses you.
The ufetubus closely misses you. The ufetubus barely misses you.
The ufetubus closely misses you.
There is a deep blue altar of Sif Muna here.
You kneel at the altar of Sif Muna.
Sif Muna welcomes you! The ufetubus closely misses you.
The ufetubus hits you. x3
* * * LOW HITPOINT WARNING * * *
Unknown command.
Press < or > to pray at altars.
Really read
b - 4 scrolls labeled VYUMEA BAEGGUY {!r}?
As you read the scroll labeled VYUMEA BAEGGUY {!r}, it crumbles to dust.
The scroll dissolves into smoke.
It was a scroll of fog {!r}.
The ufetubus hits you.
* * * LOW HITPOINT WARNING * * *
The ufetubus barely misses you.
Really read
e - a scroll labeled HAUGOIT SATI {!r}?
As you read the scroll labeled HAUGOIT SATI {!r}, it crumbles to dust.
You feel blessed for a moment.
It was a scroll of remove curse {!r}.
The ufetubus closely misses you. The ufetubus misses you.
The shadow imp hits you.
* * * LOW HITPOINT WARNING * * *
The ufetubus barely misses you. The ufetubus closely misses you.
The ufetubus completely misses you. The ufetubus closely misses you.
Really read
f - a scroll labeled LAMA YGI YZEQO {!r}?
As you read the scroll labeled LAMA YGI YZEQO {!r}, it crumbles to dust.
The creatures around you are filled with an inner flame!
It was a scroll of immolation {!r}.
The shadow imp hits you but does no damage.
The ufetubus barely misses you. The ufetubus misses you.
The ufetubus closely misses you. The ufetubus barely misses you.
Really read
g - a scroll labeled UBANEM NAREASH {!r}?
As you read the scroll labeled UBANEM NAREASH {!r}, it crumbles to dust.
You feel aware of your surroundings.
You sensed 1 altar.
It was a scroll of magic mapping {!r}.
The ufetubus hits you.
* * * LOW HITPOINT WARNING * * *
The ufetubus closely misses you. The ufetubus hits you.
You die...

.###......# **,..,,*,* *,*
†###......# **,.,,*,* *,*
..##......# ***,,,,,*,***,*
..!#......##### *,,,,,,,,,,,,,**
.#......@.....#####*,,,,,,,,,,,**
.##..........##...##***,,,,,,,,,*
..........>.##..§§§## *,,,,,,,,,*
.......§!...#..5§§§.# *,,,,,,,,,*
..o.........@oo5@§§.#**,,,,,,,,,*
........5...#..5§§§.#,,,,,,,,,,,*
..o......##.##...§§##,,,,,,,,,,,*
............###...##,**,,,,,,,,,*
...).....####,#####,,**,,,,,,,,,*
.........# *,* *,,,***,,,,,,,,,*
........## *,* *,,,,**,,,,,,,,,*
,,,,,,,,,** *,* *,*,,,**,,,,,,,**
***,,,,,,,***,* *,,,,,**,,,,,,**


You could see Eustachio (inner flame), a shadow imp, 2 orcs and 2 ufetubi.

Vanquished Creatures
  A leopard gecko (D:3)
  2 bats
  3 jackals (D:3)
  2 frilled lizards
  A rat (D:3)
9 creatures vanquished.

Notes
Turn   | Place    | Note
-------+----------+-------------------------------------------
     0 | D:1      | Amnesiac the Mummy Necromancer began the quest for the Orb.
     0 | D:1      | Reached XP level 1. HP: 13/13 MP: 4/4
   347 | D:3      | Reached XP level 2. HP: 20/20 MP: 0/5
   513 | D:4      | Noticed an ogre
   521 | D:4      | Noticed Eustachio
   527 | D:4      | Found a deep blue altar of Sif Muna.
   534 | D:4      | Became a worshipper of Sif Muna the Loreminder
   538 | D:4      | Slain by an ufetubus

Vault maps used:
D:1:      dpeg_arrival_chase, nrook_uturn, minmay_distorted
D:2:      minmay_roachtagon, nemelex_xobeh_ov_fountains_minmay, uniq_natasha
D:4:      lemuel_round_altar, temple_fountains, first_ration, elyvilon_altar_4,
          uniq_eustachio, uniq_duvessa, uniq_sigmund, uniq_ijyb

Skill      XL: |  1  2 |
---------------+-------+-----
Dodging        | 2 |  2.0
Spellcasting   | 3 |  3.0
Fighting       | |  0.6
Stealth        | |  1.5
Necromancy     | |  4.0

Action                   || total
-------------------------++-------
Melee: Mace              ||     4
 Cast: Pain              ||    20
  Use: Scroll            ||     4
Armor: Robe              ||     4
Dodge: Dodged            ||    24

Table legend:
 A = Spawn XP
 B = Non-spawn XP
 C = Spawn XP percentage of total XP
 D = Spawn monster count
 E = Non-spawn monster count
 F = Spawn count percentage of total count
 G = Total turns spent on level
                    A         B        C        D         E        F      G
               +---------+---------+-------+---------+---------+-------+---------
         Total |       0 |      16 |   0.0 |       0 |       9 |   0.0 |   538
               +---------+---------+-------+---------+---------+-------+---------
           D:1 |       0 |       1 |   0.0 |       0 |       1 |   0.0 |   170
           D:2 |       0 |       2 |   0.0 |       0 |       1 |   0.0 |    52
           D:3 |       0 |      12 |   0.0 |       0 |       6 |   0.0 |   248
           D:4 |       0 |       1 |   0.0 |       0 |       1 |   0.0 |    68
               +---------+---------+-------+---------+---------+-------+---------
